 Dungeon Crawl Stone Soup version 0.13-a0-2960-g2f00e6d (console) character file.

190 Kellhus the Ruinous (level 4, 22/22 HPs)
             Began as a Gargoyle Wizard on Sept 6, 2013.
             Quit the game on Level 2 of the Dungeon.
             The game lasted 00:02:14 (1969 turns).

Kellhus the Ruinous (Gargoyle Wizard)               Turns: 1969, Time: 00:02:14

HP  22/22        AC  5     Str 11      XL: 4   Next:  0%
MP   4/11        EV 11     Int 19      God:
Gold 133         SH  0     Dex  8      Spells:  1 memorised,  8 levels left

Res.Fire  : . . .   See Invis. : .   q - -3,-1 flail (curse)
Res.Cold  : . . .   Warding    : .   a - +0 robe
Life Prot.: + . .   Conserve   : .   (no shield)
Res.Poison: +       Res.Corr.  : .   b - +0 wizard hat
Res.Elec. : +       Clarity    : .   (no cloak)
Sust.Abil.: . .     Spirit.Shd : .   (no gloves)
Res.Mut.  : .       Stasis     : .   (no boots)
Res.Rott. : +       Flight     : .   (no amulet)
Saprovore : . . .                    (no ring)
                                     (no ring)

@: slightly resistant to hostile enchantments, unstealthy
A: fangs 1, talons 2, life protection 1, electricity resistance, slow metabolism
1, unbreathing, petrification resistance, AC +3
a: no special abilities


You were on level 2 of the Dungeon.
You were hungry.

You visited 1 branch of the dungeon, and saw 2 of its levels.

You collected 113 gold pieces.

Inventory:

Hand weapons
 q - a cursed -3,-1 flail (weapon)
Armour
 a - a +0 robe (worn)
 b - a +0 wizard hat (worn)
Comestibles
 d - a bread ration
 g - a choko
 h - 8 strawberries
 o - a pear
Scrolls
 e - a scroll of blinking {unknown}
 j - a scroll of magic mapping {unknown}
 k - a scroll of remove curse {unknown}
 l - 2 scrolls of identify {unknown}
 m - 2 scrolls of enchant armour {unknown}
 p - a scroll of teleportation {unknown}
Potions
 f - a potion of heal wounds {unknown}
 i - a potion of confusion {unknown}
 n - a potion of magic {unknown}
 r - a potion of restore abilities {unknown}
 s - a potion of resistance {unknown}
 t - a potion of curing {unknown}
Books
 c - a book of Minor Magic

   Spells                             Type                      Level
   *Magic Dart                        Conjuration                  1
   Blink                              Translocation                2
   Call Imp                           Summoning                    2
   Repel Missiles                     Charms/Air                   2
   Slow                               Hexes                        2
   Conjure Flame                      Conjuration/Fire             3
   Mephitic Cloud                     Conjuration/Poison/Air       3


   Skills:
 - Level 1.5 Dodging
 - Level 2.1 Stealth
 - Level 3.0 Spellcasting
 + Level 4.1 Conjurations
   Level 0.8 Summonings
   Level 0.8 Translocations


You had 8 spell levels left.
You knew the following spells:

 Your Spells              Type           Power        Failure   Level  Hunger
a - Magic Dart            Conj           ###.         3%          1    None


Dungeon Overview and Level Annotations

Branches:
Dungeon (2/27)

Altars:


Innate Abilities, Weirdness & Mutations

You are resistant to torment.
You are immune to poison.
Your stone body is very resilient (AC +3).
You have very sharp teeth.
You have razor-sharp toenails.
You resist negative energy.
You are resistant to electric shocks.
You have a slow metabolism.
You can survive without breathing.
You are immune to petrification.


Message History

Confirm with . or Enter, or press ? or * to list all spells.
Aiming: Magic Dart
Press: ? - help, Shift-Dir - straight line, f - kobold
Aim: a kobold (hasn't noticed you)
The magic dart hits the kobold.
Casting: Magic Dart
Confirm with . or Enter, or press ? or * to list all spells.
Aiming: Magic Dart
Press: ? - help, Shift-Dir - straight line, f/p - kobold
Aim: a kobold The magic dart hits the kobold.
You kill the kobold!
You have reached level 4!
You feel stronger.
Casting: Magic Dart
Confirm with . or Enter, or press ? or * to list all spells.
You can't see any susceptible monsters within range! (Use Z to cast anyway.)
t - a white potion
Things that are here:
an orcish club; a hobgoblin corpse Are you sure you want to abandon this character and quit the game? (Confirm with "yes".)

..######.######..
.................
########.######.#
....)............
########.######.# #.# #.#
#
########.######.#####...
.....................%...
########....###.@.....#
............# #######....
#########...# #####


There were no monsters in sight!

Vanquished Creatures
  A gnoll (D:1)
  A giant mite (D:2)
  A worm (D:1)
  A giant gecko (D:1)
  A ball python (D:1)
  8 bats
  2 giant cockroaches
  5 hobgoblins
  5 kobolds
  4 goblins
  4 rats (D:1)
33 creatures vanquished.

Notes
Turn   | Place    | Note
--------------------------------------------------------------
     0 | D:1      | Kellhus, the Gargoyle Wizard, began the quest for the Orb.
     0 | D:1      | Reached XP level 1. HP: 8/8 MP: 5/5
   436 | D:1      | Reached XP level 2. HP: 13/13 MP: 2/7
  1091 | D:2      | Reached XP level 3. HP: 17/17 MP: 3/9
  1938 | D:2      | Reached skill level 4 in Conjurations
  1966 | D:2      | Reached XP level 4. HP: 22/22 MP: 4/11
  1969 | D:2      | Quit the game

Action                   |  1- 3 |  4- 6 || total
-------------------------+-------+-------++-------
Melee: Unarmed           |    14 |       ||    14
 Cast: Magic Dart        |    85 |     1 ||    86
